 Dungeon Crawl Stone Soup version 0.23.2-1-ga50397a (webtiles) character file.

Game seed: 5259983991350437859

53 Kairos the Shield-Bearer (level 4, 36/36 HPs)
             Began as a Formicid Fighter on Apr 16, 2019.
             Quit the game on level 2 of the Dungeon.
             The game lasted 00:01:50 (1538 turns).

Kairos the Shield-Bearer (Formicid Fighter)         Turns: 1538, Time: 00:01:51

Health: 36/36      AC:  8    Str: 22    XL:     4   Next: 11%
Magic:  4/4        EV:  8    Int: 12    God:
Gold:   99         SH:  9    Dex: 10    Spells: 3/3 levels left

rFire    . . .     SeeInvis +   a - +0 quarterstaff
rCold    . . .     Gourm    .   c - +0 shield
rNeg     . . .     Faith    .   b - +1 scale mail
rPois    .         Spirit   .   (helmet unavailable)
rElec    .         Reflect  .   (no cloak)
rCorr    .         Harm     .   (no gloves)
MR       .....                  (no boots)
Stlth    ..........             g - amulet of the acrobat
HPRegen  0.12/turn              (no ring)
MPRegen  0.09/turn              (no ring)

@: brilliant, very slightly contaminated, invisible
A: permanent stasis, dig shafts and tunnels, four strong arms, antennae 3
a: Dig, Shaft Self


You were on level 2 of the Dungeon.
You were not hungry.

You visited 1 branch of the dungeon, and saw 2 of its levels.

You collected 99 gold pieces.

Inventory:

Hand Weapons
 a - a +0 quarterstaff (weapon)
Armour
 b - a +1 scale mail (worn)
 c - a +0 shield (worn)
Jewellery
 g - an amulet of the acrobat (around neck)
Scrolls
 k - a scroll of remove curse
Potions
 d - 2 potions of might
 e - a potion of haste
 n - a potion of heal wounds
Comestibles
 f - a ration


   Skills:
 + Level 3.6 Fighting
 + Level 2.7 Staves
 + Level 3.7 Armour
 + Level 0.3 Dodging
 + Level 0.1 Stealth
 + Level 4.2 Shields


You had 3 spell levels left.
You didn't know any spells.
Your spell library was empty.

Dungeon Overview and Level Annotations

Branches:
Dungeon (2/15)

Altars:


Innate Abilities, Weirdness & Mutations

You cannot be hasted, slowed, berserked, paralysed or teleported.
You can dig through walls and to a lower floor.
Your four strong arms can wield two-handed weapons with a shield.
You have a pair of large antennae on your head. (SInv)


Message History

Your stasis prevents you from teleporting.
It was a scroll of blinking.
Your stasis prevents you from teleporting.
Okay, then.
Drop what? 14/52 slots (_ for help) (? for menu, Esc to quit)
You drop a scroll of blinking.
As you read the scroll labeled WAJ XUDUOTAREW, it crumbles to dust.
You assume a fearsome visage.
Nothing appears to happen.
It was a scroll of fear.
As you read the scroll labeled WAYSIASHOVA, it crumbles to dust.
It is a scroll of identify.
e - a potion of haste
Okay, then.
It was a potion of heal wounds.
You feel much better.
It was a potion of invisibility.
You fade into invisibility!
You are very lightly contaminated with residual magic.
It was a potion of brilliance.
You feel clever all of a sudden.
Are you sure you want to abandon this character and quit the game? (Confirm with "yes".)

# #..........#.# ##### #.#.# #
#..#.#)#####.# ###########.#.# #
#............# #...........#.# #
##.#.#.####..# #.###########.# #
#...........# #.# #.# #
##########.## #.# #.# # #.# #.#
#.# # #.#####.### #.# #
#.§§@§§...# #.# #
########.#####.#.# #.# #
#........# #.#.# #.# ##
#.######.# #.#.# #.# .#####.#
###.#####.#.# #..
.##....####.........#.# ##.
............#.#######.##########.
.##.######..#.# #............
.##.# #..#.# #..##########


There were no monsters in sight!

Vanquished Creatures
  2 adders (D:2)
  2 worms (D:2)
  A leopard gecko (D:2)
  3 giant cockroaches (D:1)
  3 goblins
  2 hobgoblins
  A quokka (D:2)
  4 bats
  2 frilled lizards
  4 kobolds
  8 rats
32 creatures vanquished.

Notes
Turn   | Place    | Note
-------+----------+-------------------------------------------
     0 | D:1      | Kairos the Formicid Fighter began the quest for the Orb.
     0 | D:1      | Reached XP level 1. HP: 18/18 MP: 1/1
   121 | D:1      | Reached XP level 2. HP: 22/24 MP: 2/2
   164 | D:1      | Reached skill level 4 in Shields
   748 | D:2      | Reached XP level 3. HP: 28/29 MP: 3/3
  1147 | D:2      | Found a faded altar of an unknown god.
  1161 | D:2      | Reached XP level 4. HP: 22/36 MP: 4/4
  1538 | D:2      | Quit the game

Skill      XL: |  1  2 |
---------------+-------+-----
Shields        | 4 |  4.2
Fighting       | |  3.6
Staves         | |  2.7
Armour         | |  3.7
Dodging        | |  0.3
Stealth        | |  0.1

Action                   |  1- 3 |  4- 6 || total
-------------------------+-------+-------++-------
Melee: Quarterstaff      |   108 |     1 ||   109
  Use: Scroll            |       |     8 ||     8
       Potion            |       |     3 ||     3
  Eat: Chunk             |       |     2 ||     2
Armor: Scale mail        |    33 |       ||    33
Dodge: Dodged            |    35 |     2 ||    37
Block: Shield            |    55 |       ||    55
